 Dungeon Crawl Stone Soup version bcrawl-1.19.1 (webtiles) character file.

Game seed: 12088581532905966712

24 diana the Chopper (level 2, -1/25 HPs)
             Began as a Minotaur Sloth Apostle on Dec 1, 2019.
             Was an Initiate of Cheibriados.
             Slain by a gnoll
             ... wielding a +0 halberd
              (9 damage)
             ... on level 2 of the Dungeon.
             The game lasted 00:01:26 (881 turns).

diana the Chopper (Minotaur Sloth Apostle)           Turns: 881, Time: 00:01:27

Health: -1/25      AC:  2    Str: 17    XL:     2   Next: 79%
Magic:  2/2        EV:  8    Int: 10    God:    Cheibriados [......]
Gold:   80         SH:  8    Dex: 10    Spells: 2/3 levels left

rFire    . . .     SeeInvis .   a - +0 hand axe
rCold    . . .     Gourm    .   c - +0 shield
rNeg     . . .     Faith    .   b - +0 robe
rPois    .         Spirit   .   (helmet restricted)
rElec    .         Reflect  .   (no cloak)
rCorr    .         Harm     .   (no gloves)
MR       .....                  (no boots)
Stlth    ++........             (no amulet)
HPRegen  0.08/turn              (no ring)
MPRegen  0.08/turn              (no ring)

@: very slow
A: retaliatory headbutt, horns 2
a: Bend Time, Renounce Religion


You were on level 2 of the Dungeon.
You worshipped Cheibriados.
Cheibriados was noncommittal.
You were not hungry.

You visited 1 branch of the dungeon, and saw 2 of its levels.

You collected 80 gold pieces.

Inventory:

Hand Weapons
 a - a +0 hand axe (weapon)
Armour
 b - a +0 robe (worn)
 c - a +0 shield (worn)
Wands
 d - a wand of paralysis (10)
 l - a wand of polymorph (7)
Scrolls
 e - 2 scrolls of fear {unknown}
 i - 3 scrolls of remove curse {unknown}
Potions
 g - a potion of mutation {unknown}
 h - a potion of curing {unknown}
 j - a potion of degeneration {unknown}
 k - a potion of heal wounds {unknown}
Comestibles
 f - 3 rations {!d}


   Skills:
 + Level 2.7 Fighting
 * Level 3.1 Axes
 + Level 0.9 Armour
 - Level 2.6 Stealth
 + Level 2.8 Shields
 - Level 1.0 Spellcasting
 - Level 0.5 Hexes
 + Level 0.8 Invocations
 - Level 0.8 Evocations


You had 2 spell levels left.
You knew the following spells:

 Your Spells              Type           Power        Failure   Level  Hunger
a - Slow                  Hex            #.......     80%         1    ##.....
Your spell library was empty.

Dungeon Overview and Level Annotations

Branches:
Dungeon (2/12)

Altars:


Innate Abilities, Weirdness & Mutations

You reflexively headbutt those who attack you in melee.
You have a pair of horns on your head.


Message History

You are too injured to fight recklessly!
You are too injured to fight recklessly!
You are too injured to fight recklessly!
You are too injured to fight recklessly!
You are too injured to fight recklessly!
You are too injured to fight recklessly!
You are too injured to fight recklessly!
You are too injured to fight recklessly!
You are too injured to fight recklessly!
You are too injured to fight recklessly!
You are too injured to fight recklessly!
You are too injured to fight recklessly!
You are too injured to fight recklessly!
You are too injured to fight recklessly!
You are too injured to fight recklessly!
Unknown command.
The gnoll hits you with a +0 flail!
* * * LOW HITPOINT WARNING * * *
The gnoll hits you from afar with a +0 halberd!
You die...

### #. ....#.#
#...g######
#....g..g.#
##...####.# ##.#
#g# #. #g# ## #
#.# . #@# # #.#
################.#
......†..........#
#.####.######.##.#
#.# #.# #.##.# #.#
#.# #.##.# ..# #.#
#.##.# ..####.#
#.##.#


You could see 2 gnolls and a goblin.

Vanquished Creatures
  A leopard gecko (D:1)
  A bat (D:1)
  5 giant cockroaches
  4 goblins (D:1)
  2 hobgoblins (D:1)
  2 kobolds (D:1)
  A ball python (D:1)
  4 rats (D:1)
20 creatures vanquished.

Notes
Turn   | Place    | Note
-------+----------+-------------------------------------------
     0 | D:1      | diana the Minotaur Sloth Apostle began the quest for the
                  | Orb.
     0 | D:1      | Reached XP level 1. HP: 18/18 MP: 1/1
    92 | D:1      | Reached XP level 2. HP: 20/25 MP: 2/2
   289 | D:1      | Reached skill level 3 in Axes
   881 | D:2      | Slain by a gnoll

Skill      XL: |  1  2 |
---------------+-------+-----
Axes           | 3 |  3.1
Fighting       | |  2.7
Armour         | |  0.9
Stealth        | |  2.6
Shields        | |  2.8
Spellcasting   | |  1.0
Hexes          | |  0.5
Invocations    | |  0.8
Evocations     | |  0.8

Action                   || total
-------------------------++-------
Melee: Hand axe          ||    62
       Headbutt          ||     6
 Stab: Sleeping          ||     7
Armor: Robe              ||     9
Dodge: Dodged            ||    18
Block: Shield            ||    32
